 Dungeon Crawl Stone Soup version 0.29.1-2-gbd0b4ee654 (webtiles) character file.

Game seed: 14024023581596263658

32 safid the Shooter (level 3, -4/31 HPs)
             Began as a Minotaur Hunter on Nov 17, 2022.
             Killed by nerve-wracking pain
             ... invoked by Jessica
              (14 damage)
             ... on level 2 of the Dungeon.
             The game lasted 00:00:59 (476 turns).

safid the Shooter (Minotaur Hunter)                  Turns: 476, Time: 00:00:59

Health: -4/31      AC:  6    Str: 15    XL:     3   Next: 10%
Magic:  2/2        EV: 10    Int:  6    God:
Gold:   43         SH:  0    Dex: 15    Spells: 2/2 levels left

rFire   . . .      SeeInvis .   a - +0 shortbow
rCold   . . .      Faith    .   (shield currently unavailable)
rNeg    . . .      Spirit   .   g - +0 scale mail
rPois   .          Reflect  .   (helmet restricted)
rElec   .          Harm     .   (no cloak)
rCorr   .          Rampage  .   (no gloves)
Will    .....                   (no boots)
Stlth   ..........              (no amulet)
HPRegen 0.10/turn               (no ring)
MPRegen 0.08/turn               (no ring)

@: no status effects
A: horns 2, retaliatory headbutt
a: no special abilities


You were on level 2 of the Dungeon.
You visited 1 branch of the dungeon, and saw 2 of its levels.

You collected 43 gold pieces.

Inventory:

Hand Weapons
 a - a +0 shortbow (weapon)
Armour
 g - a +0 scale mail (worn)
Scrolls
 b - a scroll of identify {unknown}
 e - a scroll of noise {unknown}
Potions
 d - a potion of berserk rage {unknown}
 f - a potion of magic {unknown}


   Skills:
 + Level 3.5 Fighting
 + Level 5.0 Ranged Weapons
 - Level 2.1 Dodging
 - Level 0.7 Stealth


You had 2 spell levels left.
You didn't know any spells.
Your spell library was empty.

Dungeon Overview and Level Annotations

Branches:
Dungeon (2/15)

Altars:

Annotations:
D:2 Jessica


Innate Abilities, Weirdness & Mutations

You have a pair of horns on your head.
You reflexively headbutt those who attack you in melee.


Message History

Increase (S)trength, (I)ntelligence, or (D)exterity?
You feel agile. x2
Unknown command.
You shoot an arrow. The arrow barely misses Jessica.
Jessica barely misses you. The rat closely misses you.
A hobgoblin comes into view.
Jessica barely misses you.
You shoot an arrow. The arrow hits Jessica.
Jessica is moderately wounded.
The rat bites you but does no damage.
Jessica gestures wildly while chanting.
Jessica blinks!
You shoot an arrow. The arrow closely misses the bat.
The bat barely misses you. You furiously retaliate!
You headbutt the bat. The rat barely misses you. You furiously retaliate!
You headbutt the rat.
Jessica points at you and mumbles some strange words.
Pain shoots through your body!
You shoot an arrow. The arrow hits the rat!
You kill the rat!
Jessica grins evilly.
The bat barely misses you.
An adder comes into view.
Jessica shouts, "You're disturbing me!
I'll have to kill you!"
Jessica mumbles some strange words.
Jessica blinks!
The hobgoblin hits you but does no damage.
You shoot an arrow. The arrow hits the bat!
You kill the bat!
The hobgoblin closely misses you. You furiously retaliate!
You headbutt the hobgoblin.
Jessica mumbles something strange.
Unknown command.
You shoot an arrow. The arrow hits the hobgoblin.
The hobgoblin is severely wounded.
The hobgoblin barely misses you.
Jessica points at you and mumbles some strange words.
Pain shoots through your body! The hobgoblin closely misses you.
Jessica gestures at you while chanting. Pain shoots through your body!
You die...

#######
......##########
...............#
......########.####
...>...........†@.#
....[.#######..##g#
......# #@.# S.#
......# ..... .$.#
.###.## .##..# ...#
.# #.# # #... ..$.
.. #.. .^.# .#...
.# #.## .... .....#
...


You could see an adder, Jessica (strong) and a hobgoblin.

Vanquished Creatures
  An adder (D:2)
  4 bats
  2 endoplasms
  2 goblins (D:1)
  3 hobgoblins (D:1)
  2 jackals (D:1)
  3 kobolds (D:1)
  A ball python (D:1)
  A frilled lizard (D:1)
  2 rats
21 creatures vanquished.

Notes
Turn   | Place    | Note
-------+----------+-------------------------------------------
     0 | D:1      | safid the Minotaur Hunter began the quest for the Orb.
     0 | D:1      | Reached XP level 1. HP: 18/18 MP: 0/0
    65 | D:1      | Reached XP level 2. HP: 26/26 MP: 1/1
   467 | D:2      | Noticed Jessica
   471 | D:2      | Reached skill level 5 in Ranged Weapons
   471 | D:2      | Reached XP level 3. HP: 18/31 MP: 2/2
   476 | D:2      | Killed from afar by Jessica

Illustrated notes

Levels and vault maps discovered:
D:1:      shiori_shiawase, layout_rooms
D:2:      layout_loops_ring, uniq_jessica

Skill      XL: |  1  2 |
---------------+-------+-----
Fighting       | 3 |  3.5
Ranged Weapons | 5 |  5.0
Dodging        | |  2.1
Stealth        | |  0.7

Action                   || total
-------------------------++-------
 Fire: Shortbow          ||    54
Armor: Scale mail        ||     2
Dodge: Dodged            ||    24
